 Dungeon Crawl Stone Soup version 0.31.0 (webtiles) character file.

Game seed: 8218737366626020315

174 qw the Shooter (level 5, -3/32 HPs)
             Began as a Gargoyle Hunter on Jan 19, 2024.
             Slain by a gnoll
             ... wielding a +0 flail
             ... led by a gnoll bouda
              (8 damage)
             ... on level 4 of the Dungeon.
             The game lasted 00:00:09 (1999 turns).

qw the Shooter (Gargoyle Hunter)                    Turns: 1999, Time: 00:00:10

Health: -3/32      AC: 10    Str: 15    XL:     5   Next: 54%
Magic:  5/5        EV: 11    Int:  9    God:
Gold:   1109       SH:  0    Dex: 15    Spells: 4/4 levels left

rFire   . . .        a - +0 shortbow
rCold   . . .        (shield currently unavailable)
rNeg    + . .        i - +0 ring mail
rPois   inf          (no helmet)
rElec   +            e - +0 cloak
rCorr   .            (no gloves)
SInv    .            (no boots)
Will    .....        (no amulet)
Stlth   +            (no ring)
HPRegen 0.25/turn    (no ring)
MPRegen 0.09/turn

%: no passive effects
@: weakened
A: sickness immunity, AC +4, negative energy resistance 1, electricity
resistance, torment resistance 1, petrification resistance
a: no special abilities


You were on level 4 of the Dungeon.
You visited 1 branch of the dungeon, and saw 4 of its levels.

You collected 1109 gold pieces.


Innate Abilities, Weirdness & Mutations

You are immune to sickness and miasma.
Your stone body is resilient. (AC +4)
You are immune to poison.
You resist negative energy. (rN+)
You are resistant to electric shocks. (rElec)
You are resistant to unholy torment.
You are immune to petrification.


   Skills:
 + Level 3.2 Fighting
 - Level 6.0 Ranged Weapons
 - Level 1.5 Armour
 - Level 1.5 Dodging
 - Level 1.1 Stealth


You had 4 spell levels left.
You didn't know any spells.
Your spell library was empty.

Inventory:

Hand Weapons
 a - a +0 shortbow (weapon)
Armour
 e - a +0 cloak (worn)
 i - a +0 ring mail (worn)
Scrolls
 c - a scroll of identify
Potions
 b - a potion of resistance
 d - a potion of degeneration {unknown}
 f - a potion of brilliance {unknown}
 g - a potion of might {unknown}
 h - a potion of attraction {unknown}
 j - a potion of curing

Dungeon Overview and Level Annotations

Branches:
Dungeon (4/15)
 Temple: D:4-7

Altars:
Gozag
Xom

Shops:
D:2 ?(

Annotations:
D:2 2 transporters


Message History

The gnoll misses you.
You shoot an arrow. The arrow barely misses the gnoll.
The arrow hits the gnoll bouda.
The gnoll bouda is moderately wounded.
A gnoll comes into view. It is wielding a +0 club.
The gnoll hits you but does no damage. The gnoll barely misses you.
A gnoll comes into view. It is wielding a +0 spear.
Enter note:
Enter note:
Enter note:
Enter note:
1995 ||| RETREEEEATING.
You shoot an arrow.
The arrow hits the gnoll but does no damage.
The gnoll hits you with a +0 flail. The gnoll hits you but does no damage.
1996 ||| RETREEEEATING.
You shoot an arrow.
The arrow hits the gnoll but does no damage.
The gnoll barely misses you. The gnoll hits you but does no damage.
The gnoll closely misses you.
1997 ||| RETREEEEATING.
You shoot an arrow. The arrow hits the gnoll.
The gnoll is moderately wounded.
The gnoll bouda barely misses you. The gnoll hits you with a +0 club!
The gnoll hits you with a +0 flail.
The gnoll bouda gazes fiercely through you!
You feel your attacks grow feeble.
The gnoll bouda hits you with a +0 club.
The hobgoblin hits you but does no damage.
The gnoll misses you.
1998 ||| RETREEEEATING.
You shoot an arrow. The arrow hits the gnoll.
The gnoll is moderately wounded.
The gnoll hits you but does no damage. x2; The hobgoblin closely misses you.
The gnoll bouda hits you with a +0 club.
The gnoll hits you with a +0 club.
The ball python bites you but does no damage.
The ball python grabs you. The ball python constricts you.
Enter note:
Enter note:
1999 ||| RETREEEEATING.
You shoot an arrow. The arrow hits the ball python!
You kill the ball python!
The gnoll barely misses you. The gnoll hits you with a +0 flail!
You die...

.....
#.#.#......##.
......#
#.###.#.##..#.
.......####.###
..###.#.
..........)...###
# #.#.
..............#
#...
..............#
##..
..........#####
##. ......gg%.#
#. ..)..gg@..# #.
.....gg.### #.
...#....# #. ##
#....# #. #....#
#....# ####.# #.#


You could see a gnoll bouda, 4 gnolls and a hobgoblin.

Vanquished Creatures
  A scorpion (D:3)
  Terence (D:3)
  A gnoll (D:4)
  3 adders
  2 ribbon worms (D:2)
  A bat (D:2)
  7 endoplasms
  5 giant cockroaches
  6 goblins
  5 hobgoblins
  3 kobolds
  2 quokkas
  5 ball pythons
  6 frilled lizards
  5 rats
  A butterfly (D:4)
54 creatures vanquished.

Notes
Turn   | Place    | Note
-------+----------+-------------------------------------------
     0 | D:1      | qw the Gargoyle Hunter began the quest for the Orb.
     0 | D:1      | Reached XP level 1. HP: 12/12 MP: 1/1
     0 | D:1      | 0 ||| qw: Version: 0.3-a-132-g3d54051
     0 | D:1      | 0 ||| qw: Game counter: 274
     0 | D:1      | 0 ||| qw: Melee chars always use a shield: true
     0 | D:1      | 0 ||| qw: God list: Okawaru
     0 | D:1      | 0 ||| qw: Allow faded altars: false
     0 | D:1      | 0 ||| qw: Do Orc after clearing Dungeon:15 true
     0 | D:1      | 0 ||| qw: Do second Lair branch before Depths: true
     0 | D:1      | 0 ||| qw: Lair rune preference: random
     0 | D:1      | 0 ||| qw: Goals: Normal
     0 | D:1      | 0 ||| PLANNING D:1-11
   132 | D:1      | Reached XP level 2. HP: 17/17 MP: 2/2
   529 | D:1      | 529 ||| UPGRADING to +0 ring mail.
   539 | D:1      | 539 ||| DROPPING +0 leather armour.
   540 | D:1      | 540 ||| READING scroll labelled RIAHAN ITIWK.
   544 | D:1      | 544 ||| READING scroll labelled VUXZAL IGE BEF CUS.
   545 | D:1      | 545 ||| DRINKING 2 dark potions.
   564 | D:1      | 564 ||| DROPPING scroll of butterflies.
   565 | D:1      | 565 ||| DROPPING potion of lignification.
   643 | D:2      | Reached XP level 3. HP: 21/21 MP: 3/3
   705 | D:2      | Reached skill level 1 in Armour
   811 | D:2      | Found Cymn's Antique Weapon Boutique.
   909 | D:2      | Reached skill level 5 in Ranged Weapons
   945 | D:2      | Found a transporter.
   949 | D:2      | Found Ceez's Magic Scroll Shop.
   981 | D:2      | Reached XP level 4. HP: 24/27 MP: 4/4
   981 | D:2      | 981 ||| FLEEEEING.
  1099 | D:2      | Found a transporter.
  1104 | D:2      | 1104 ||| UPGRADING to +0 cloak.
  1109 | D:2      | 1109 ||| READING scroll labelled CIPLYJ JOSTRU.
  1276 | D:3      | Reached skill level 3 in Fighting
  1360 | D:3      | Noticed Terence
  1371 | D:3      | Killed Terence
  1500 | D:3      | Found an opulent altar of Gozag.
  1670 | D:3      | Noticed a scorpion
  1676 | D:3      | Killed a scorpion
  1677 | D:3      | Reached XP level 5. HP: 32/32 MP: 5/5
  1811 | D:3      | 1811 ||| READING scroll labelled RAFACK OMOILID.
  1812 | D:3      | 1812 ||| READING scroll labelled WYUSUWUHUM.
  1812 | D:3      | Identified a scroll of acquirement
  1812 | D:3      | 1812 ||| ACQUIRING 922 gold pieces
  1812 | D:3      | Acquired 922 gold pieces
  1814 | D:3      | 1814 ||| READING scroll labelled VEOLUCR WEWIEC.
  1814 | D:3      | 1814 ||| IDENTIFYING inky potion
  1815 | D:3      | 1815 ||| READING scroll labelled XAD JONGIOMP.
  1816 | D:3      | 1816 ||| DRINKING 2 fuming clear potions.
  1890 | D:4      | Found a shimmering altar of Xom.
  1973 | D:4      | Reached skill level 6 in Ranged Weapons
  1995 | D:4      | 1995 ||| RETREEEEATING.
  1996 | D:4      | 1996 ||| RETREEEEATING.
  1997 | D:4      | 1997 ||| RETREEEEATING.
  1998 | D:4      | 1998 ||| RETREEEEATING.
  1998 | D:4      | HP: 7/32 [gnoll bouda/+0 club (5)]
  1999 | D:4      | 1999 ||| RETREEEEATING.
  1999 | D:4      | Slain by a gnoll

Levels and vault maps discovered:
D:1:      dpeg_arrival_water_temple_mockup, layout_basic,
          minmay_misc_feat_square, roderic_serpentine_path
D:2:      layout_basic, serial_shops, nicolae_square_shop,
          nicolae_shop_drivethru
D:3:      layout_basic, mainiacjoe_overflow_brackets, uniq_terence
D:4:      kennysheep_the_goblin_king, layout_basic, kiku_gazebo_pond_becter,
          xom_butterflies

Skill      XL: |  1  2  3  4  5 |
---------------+----------------+-----
Armour         | 1 |  1.5
Ranged Weapons | 5 6 |  6.0
Fighting       | 3 |  3.2
Dodging        | |  1.5
Stealth        | |  1.1

Action                     |  1- 3 |  4- 6 || total
---------------------------+-------+-------++-------
   Fire: Shortbow          |   114 |    67 ||   181
    Use: Scroll            |     2 |     5 ||     7
         Potion            |     1 |     1 ||     2
 Armour: Leather armour    |     5 |       ||     5
         Ring mail         |    18 |    23 ||    41
  Dodge: Dodged            |    32 |    16 ||    48

Table legend:
 A = Non-vault XP
 B = Vault XP
 C = Vault XP percentage of total XP
 D = Non-vault monster count
 E = Vault monster count
 F = Vault count percentage of total count
                 A         B        C        D         E       F
            +---------+---------+-------+---------+---------+-------
      Total |     215 |      36 |  14.3 |      52 |       1 |   1.9
            +---------+---------+-------+---------+---------+-------
        D:1 |      28 |       0 |   0.0 |      18 |       0 |   0.0
        D:2 |      57 |       0 |   0.0 |      16 |       0 |   0.0
        D:3 |     103 |      36 |  25.9 |       9 |       1 |  10.0
        D:4 |      27 |       0 |   0.0 |       9 |       0 |   0.0
            +---------+---------+-------+---------+---------+-------
